 Dungeon Crawl Stone Soup version 0.20.1-1-g8b1a95d (webtiles) character file.

4178 jmlagarto the Carver (level 10, -8/86 HPs)
             Began as a Hill Orc Fighter on Aug 10, 2017.
             Was a Believer of Qazlal.
             Killed by divine providence
             ... invoked by an orc priest
              (12 damage)
             ... on level 9 of the Dungeon on Aug 11, 2017.
             The game lasted 00:45:56 (7744 turns).

jmlagarto the Carver (Hill Orc Fighter)             Turns: 7744, Time: 00:45:58

Health: -8/86      AC: 15    Str: 22 (23) XL:     10   Next: 28%
Magic:  10/11      EV: 10    Int:  7 (8)  God:    Qazlal [**....]
Gold:   481        SH: 14    Dex:  7 (10) Spells: 9/9 levels left

rFire    . . .     SeeInvis .   a - +0 long sword
rCold    . . .     Gourm    .   c - +0 shield
rNeg     . . .     Faith    .   e - +0 plate armour
rPois    .         Spirit   .   (no helmet)
rElec    .         Reflect  .   (no cloak)
rCorr    .         Harm     .   (no gloves)
MR       .....                  p - +0 pair of boots
Stlth    ..........             g - amulet of regeneration
Regen    0.7/turn               b - ring of flight
MPRegen  0.2/turn               l - +4 ring of evasion

@: no status effects
A: no striking features
a: Upheaval, Renounce Religion, Convert to Beogh, Evoke Flight


You were on level 9 of the Dungeon.
You worshipped Qazlal.
Qazlal was pleased with you.
You were not hungry.

You visited 1 branch of the dungeon, and saw 9 of its levels.

You collected 481 gold pieces.

Inventory:

Hand Weapons
 a - a +0 long sword (weapon)
 d - a +2 morningstar of draining
Armour
 c - a +0 shield (worn)
 e - a +0 plate armour (worn)
 p - a +0 pair of boots (worn)
 C - a +0 plate armour
 G - a +0 pair of boots
Magical Staves
 B - an uncursed staff of wizardry {unknown}
Jewellery
 b - a ring of flight (left hand)
 g - an amulet of regeneration (around neck)
 l - a +4 ring of evasion (right hand)
 q - an uncursed ring of wizardry
 s - an uncursed ring of stealth
 z - an uncursed ring of wizardry
Wands
 i - a wand of iceblast (0/15)
 j - a wand of digging (9/24)
 r - a wand of digging (13/24)
 x - a wand of flame (23/48)
 E - a wand of clouds (0/9)
 F - a wand of enslavement (14/24)
 I - a wand of iceblast (0/15)
 J - a wand of random effects (26/48)
 L - a wand of random effects (28/48)
Scrolls
 n - a scroll of random uselessness
 o - 2 scrolls of recharging
 t - 3 scrolls of amnesia
 v - 3 scrolls of remove curse
 w - a scroll of teleportation
 y - a scroll of fear
 A - a scroll of fog
Potions
 k - a potion of haste
 u - a potion of cancellation
Books
 D - a book of Minor Magic

   Spells                             Type                      Level
   a - Magic Dart                     Conjuration                  1
   b - Blink                          Translocation                2
   c - Call Imp                       Summoning                    2
   d - Slow                           Hexes                        2
   e - Conjure Flame                  Conjuration/Fire             3
   f - Mephitic Cloud                 Conjuration/Poison/Air       3
 K - a Fen Folio

   Spells                             Type                      Level
   a - Corpse Rot                     Necromancy                   2
   b - Stone Arrow                    Conjuration/Earth            3
   c - Leda's Liquefaction            Hexes/Earth                  4
   d - Summon Forest                  Summoning/Translocation      5
   e - Hydra Form                     Transmutation                6
   f - Summon Hydra                   Summoning                    7
Comestibles
 f - 4 bread rations
 h - 4 meat rations
 m - 3 fruits
 H - a royal jelly


   Skills:
 + Level 7.2 Fighting
 + Level 9.8 Long Blades
 + Level 8.3 Armour
 + Level 1.0 Dodging
 + Level 0.8 Stealth
 + Level 8.8 Shields
 + Level 1.3 Invocations
 + Level 0.8 Evocations


You had 9 spell levels left.
You didn't know any spells.

Dungeon Overview and Level Annotations

Branches:
Dungeon (9/15)             Temple (0/1) D:6
   Lair: D:8-11         Orc: D:9-12

Altars:
Dithmenos
Hepliaklqana
Qazlal
Ru
Sif Muna
Uskayaw
Xom
Zin

Portals:
Ossuary: D:4


Message History

The orc wizard is heavily wounded.
You hear a howl!
You block the orc wizard's attack.
The orc priest threatens, "By the altar or by the axe, you will meet Beogh!"
The orc priest shouts, "Surrender to Beogh and we'll let you live!"
You slash the orc wizard!
You kill the orc wizard!
Qazlal accepts your kill.
The orc priest shouts, "Beogh is our master!
Accept the truth or die!"
The orc priest invokes the aid of Beogh against you.
Beogh smites you!
* * * LOW HITPOINT WARNING * * *
You hear a howl! x2
You barely miss the orc priest.
The orc priest invokes the aid of Beogh against you.
Beogh smites you!
* * * LOW HITPOINT WARNING * * *
The orc priest calls down the wrath of Beogh upon you.
Beogh smites you!
You die...

#.........#
#.........#
#.........# ##
######....# .#
###..## .# #...##
#.# ###..###.#
########...##.####
....ooo@.........#
####.#######..##.#
#..# #.^### #....#
##.#.#
####.#.#######.
................
...##..##.#####.


You could see 2 orc priests and an orc.

Vanquished Creatures
  A two-headed ogre (D:8)
  A hippogriff (D:7)
  A spriggan (D:8)
  Grum (D:9)
  2 hungry ghosts
  A warg (D:9)
  A sky beast (D:5)
  A black bear (D:9)
  An ice beast (D:8)
  A phantom (D:7)
  3 wolves (D:9)
  2 ogres
  2 centaurs
  The ghost of dscm the Covered, an amateur GrFi (D:4)
  2 big kobolds (D:7)
  A wyvern skeleton (D:9)
  A water moccasin skeleton (D:8)
  4 wights (D:6)
  A howler monkey (D:6)
  A bullfrog zombie (D:7)
  3 crimson imps
  A jelly (D:6)
  A centaur zombie (D:3)
  A gnoll shaman (D:8)
  3 hounds
  A bullfrog skeleton (D:9)
  6 orc priests
  A centaur skeleton (D:4)
  6 orc wizards
  An iguana (D:4)
  Ijyb (D:3)
  3 worker ants
  A hound zombie (D:7)
  The ghost of dscm the Digger, a weakling OpEE (D:3)
  A hound skeleton (D:8)
  7 gnolls
  13 adders
  A river rat (D:3)
  An ooze (D:1)
  2 worm zombies (D:4)
  2 adder skeletons (D:7)
  4 worms
  A dart slug (D:1)
  6 leopard geckos
  16 orcs
  5 ball pythons
  3 giant cockroaches
  11 goblins
  7 hobgoblins
  4 jackals (D:7)
  15 kobolds
  4 quokkas
  12 bats
  11 frilled lizards
  12 rats
197 creatures vanquished.

Vanquished Creatures (collateral kills)
  An ice beast (D:8)
  2 gnolls (D:7)
3 creatures vanquished.

Grand Total: 200 creatures vanquished

Notes
Turn   | Place    | Note
-------+----------+-------------------------------------------
     0 | D:1      | jmlagarto the Hill Orc Fighter began the quest for the Orb.
     0 | D:1      | Reached XP level 1. HP: 19/19 MP: 1/1
   117 | D:1      | Reached XP level 2. HP: 26/27 MP: 2/2
   492 | D:1      | Reached XP level 3. HP: 33/33 MP: 3/3
  1283 | D:2      | Noticed a water elemental
  1284 | D:2      | Found a stormy altar of Qazlal.
  1292 | D:2      | Reached skill level 3 in Long Blades
  1302 | D:2      | Noticed an earth elemental
  1302 | D:2      | Noticed a fire elemental
  1302 | D:2      | Noticed an air elemental
  1344 | D:2      | Became a worshipper of Qazlal Stormbringer
  1414 | D:2      | Reached XP level 4. HP: 37/40 MP: 4/4
  1673 | D:3      | Reached XP level 5. HP: 42/46 MP: 5/5
  1681 | D:3      | Reached skill level 4 in Long Blades
  1682 | D:3      | Noticed dscm's ghost (weakling OpEE)
  1713 | D:3      | Killed dscm's ghost
  1735 | D:3      | Found a glowing drain.
  1760 | D:3      | Noticed Ijyb
  1786 | D:3      | Killed Ijyb
  1796 | D:3      | Reached * piety under Qazlal
  1898 | D:3      | HP: 2/46 [orc priest/divine providence (8)]
  2016 | D:3      | Reached XP level 6. HP: 52/52 MP: 6/6
  2172 | D:3      | Reached skill level 5 in Long Blades
  2475 | D:4      | Noticed an angel
  2477 | D:4      | Found a glowing silver altar of Zin.
  2479 | D:4      | Found a shimmering altar of Xom.
  2503 | D:4      | Noticed dscm's ghost (amateur GrFi)
  2520 | D:4      | Killed dscm's ghost
  2520 | D:4      | Reached ** piety under Qazlal
  2522 | D:4      | Reached skill level 5 in Armour
  2523 | D:4      | Found a sand-covered staircase.
  2571 | D:4      | Reached XP level 7. HP: 42/60 MP: 7/7
  2593 | D:4      | Reached skill level 6 in Long Blades
  2637 | D:4      | Found a shadowy altar of Dithmenos.
  2775 | D:4      | Reached skill level 5 in Shields
  3034 | D:5      | Entered Level 5 of the Dungeon
  3224 | D:5      | Reached skill level 5 in Fighting
  3246 | D:5      | Reached XP level 8. HP: 68/68 MP: 8/8
  4038 | D:6      | Reached skill level 7 in Long Blades
  4100 | D:6      | Found a sacrificial altar of Ru.
  4294 | D:6      | Found a staircase to the Ecumenical Temple.
  4876 | D:7      | Noticed a hippogriff
  4897 | D:7      | Killed a hippogriff
  4897 | D:7      | Reached skill level 8 in Long Blades
  4897 | D:7      | Reached skill level 1 in Dodging
  4897 | D:7      | Reached XP level 9. HP: 44/75 MP: 9/9
  4899 | D:7      | Reached *** piety under Qazlal
  5097 | D:7      | Found a deep blue altar of Sif Muna.
  5158 | D:7      | Found a hazy altar of Hepliaklqana.
  5735 | D:8      | Noticed a hand axe
  5737 | D:8      | Found a hide-covered altar of Uskayaw.
  5737 | D:8      | Noticed a hand axe
  5789 | D:8      | Paralysed by fainting for 10 turns
  5914 | D:8      | Noticed a two-headed ogre
  5953 | D:8      | Killed a two-headed ogre
  5953 | D:8      | Reached skill level 9 in Long Blades
  6208 | D:8      | Reached XP level 10. HP: 84/84 MP: 10/10
  6873 | D:9      | Noticed Grum
  6899 | D:9      | Killed Grum
  6899 | D:9      | Reached skill level 1 in Invocations
  7744 | D:9      | HP: 4/86 [orc priest/divine providence (11)]
  7744 | D:9      | Killed from afar by an orc priest

Skill      XL: |  1  2  3  4  5  6  7  8  9 10 |
---------------+-------------------------------+-----
Fighting       | 4 5 6 7 |  7.2
Long Blades    | 3 4 5 6 8 9 |  9.8
Armour         | 4 5 6 7 8 |  8.3
Shields        | 4 5 6 8 |  8.8
Dodging        | 1 |  1.0
Invocations    | 1 |  1.3
Stealth        | |  0.8
Evocations     | |  0.8

Action                   |  1- 3 |  4- 6 |  7- 9 | 10-12 || total
-------------------------+-------+-------+-------+-------++-------
Melee: Long sword        |   168 |   234 |   496 |   100 ||   998
Invok: Elemental Force   |       |       |     1 |     4 ||     5
Evoke: Wand              |       |       |     7 |     5 ||    12
  Use: Scroll            |     1 |     8 |     5 |       ||    14
       Potion            |       |     2 |    10 |     2 ||    14
 Stab: Confused          |       |       |     1 |       ||     1
  Eat: Chunk             |     1 |     1 |     3 |       ||     5
       Bread ration      |       |     1 |     5 |     1 ||     7
Armor: Scale mail        |    11 |       |       |       ||    11
       Plate armour      |    88 |   106 |   224 |    46 ||   464
Dodge: Dodged            |    40 |    69 |   131 |    29 ||   269
Block: Shield            |    89 |   132 |   326 |    77 ||   624
       Rpst.: Long sword |    15 |    19 |    34 |     6 ||    74
